Map: Eternal Empire LE

Players

goblin - Winner!

  • Race: Protoss Protoss
  • League: Grandmaster
  • Spawn Location: 7:00

Garitos

  • Race: Zerg Zerg
  • League: Grandmaster
  • Spawn Location: 1:00

Event: DreamHack SC2 Masters 2020 Fall

VOD

Have the link to the VOD?

Description

Time

  • Played on: Aug. 28, 2020, 11:10 a.m.
  • Length: 9:43

All games in this series

Show
View Real Time Build Order
Export as new Build Order

goblin Protoss - Winner!

Build Orders: 1 Gate Expand 

Get SALT Encoding   

  12  0:00  Probe  
  13  0:12  Probe  
  14  0:18  Pylon  
  14  0:25  Probe (Chrono Boost)  
  15  0:37  Probe (Chrono Boost)  
  15  0:39  Gateway  
  16  0:45  Probe (Chrono Boost)  
  16  0:46  Assimilator  
  17  0:51  Probe  
  18  1:03  Probe  
  19  1:20  Nexus  
  19  1:23  Probe  
  20  1:35  Cybernetics Core  
  20  1:37  Probe  
  21  1:46  Assimilator  
  21  1:50  Probe  
  22  1:54  Pylon  
  22  2:02  Probe (Chrono Boost)  
  23  2:11  Stalker (Chrono Boost)  
  23  2:12  Probe (Chrono Boost)  
  26  2:19  Probe  
  27  2:23  Stargate  
  27  2:32  Probe (Chrono Boost)  
  27  2:35  Probe (Chrono Boost)  
  27  2:36  Adept  
  31  2:38  Warp Gate  
  31  2:43  Probe (Chrono Boost)  
  33  2:46  Probe (Chrono Boost)  
  33  2:56  Probe  
  33  2:57  Probe  
  35  2:59  Void Ray (Chrono Boost)  
  35  3:02  Gateway  
  35  3:08  Probe  
  35  3:11  Probe  
  41  3:15  Pylon  
  41  3:20  Probe  
  41  3:24  Probe  
  43  3:28  Assimilator  
  43  3:29  Assimilator  
  43  3:30  Void Ray (Chrono Boost)  
  43  3:32  Probe  
  44  3:38  Probe  
  49  3:43  Pylon  
  49  3:45  Probe  
  50  3:50  Probe  
  51  3:57  Probe  
  51  3:59  Stargate  
  51  4:02  Pylon, Probe  
  53  4:04  Void Ray (Chrono Boost)  
  53  4:09  Probe  
  54  4:14  Probe  
  59  4:19  Pylon  
  59  4:21  Probe  
  60  4:32  Probe  
  60  4:33  Probe  
  62  4:39  Void Ray (Chrono Boost)  
  62  4:44  Nexus  
  66  4:46  Void Ray (Chrono Boost)  
  70  5:01  Pylon  
  70  5:04  Probe x2  
  72  5:09  Pylon  
  72  5:20  Void Ray (Chrono Boost)  
  72  5:21  Probe x2  
  78  5:22  Shield Battery, Void Ray (Chrono Boost)  
  82  5:29  Shield Battery  
  82  5:37  Shield Battery  
  82  5:39  Pylon  
  82  5:42  Zealot  
  84  5:43  Sentry  
  84  5:49  Void Ray (Chrono Boost)  
  84  5:51  Void Ray (Chrono Boost)  
  84  5:55  Shield Battery  
  84  5:57  Shield Battery  
  84  5:59  Shield Battery  
  92  6:10  Probe x2  
  94  6:19  Void Ray  
  96  6:26  Pylon  
  96  6:27  Pylon  
  91  6:42  Fleet Beacon, Pylon  
  91  6:43  Pylon  
  91  6:49  Pylon  
  91  6:54  Adept x2  
  95  7:06  Void Ray (Chrono Boost)  
  95  7:07  Pylon  
  95  7:08  Void Ray (Chrono Boost)  
  95  7:12  Gateway  
  95  7:15  Cybernetics Core  
  95  7:22  Zealot  
  95  7:24  Pylon  
  95  7:28  Unknown  
  97  7:34  Pylon  
  84  7:45  Gateway  
  84  7:49  Gateway  
  84  7:50  Carrier (Chrono Boost)  
  84  7:54  Oracle (Chrono Boost)  
  84  7:58  Gateway  
  84  8:04  Probe x2  
  86  8:10  Sentry  
  88  8:19  Void Ray (Chrono Boost)  
  88  8:24  Probe  
  88  8:25  Shield Battery  
  89  8:28  Shield Battery  
  89  8:30  Probe  
  94  8:36  Probe  
  94  8:40  Void Ray (Chrono Boost)  
  95  8:46  Probe  
  100  8:48  Probe  
  101  8:58  Probe  
  101  9:00  Probe  
  109  9:10  Probe  
  109  9:12  Pylon  
  109  9:13  Probe  
  111  9:22  Probe  
  112  9:25  Probe  
Show
View Real Time Build Order
Export as new Build Order

Garitos Zerg 

Build Orders: Hatch First 

Get SALT Encoding   

  12  0:01  Drone  
  13  0:12  Overlord  
  13  0:17  Drone  
  14  0:30  Drone x2  
  16  0:50  Hatchery  
  16  0:51  Drone  
  16  0:55  Drone  
  17  0:59  Drone  
  18  1:11  Extractor  
  17  1:15  Spawning Pool  
  16  1:19  Drone  
  16  1:20  Drone  
  18  1:27  Drone  
  19  1:38  Drone  
  20  1:53  Drone  
  21  2:03  Queen  
  21  2:04  Queen  
  21  2:05  Drone x2, Evolution Chamber  
  26  2:12  Overlord  
  26  2:14  Drone  
  27  2:22  Drone  
  28  2:30  Zerg Melee Weapons Level 1  
  28  2:31  Drone  
  28  2:32  Drone  
  30  2:47  Drone  
  31  2:51  Hatchery  
  31  2:55  Drone x3  
  33  3:03  Queen  
  35  3:13  Drone, Metabolic Boost  
  35  3:18  Overlord  
  35  3:19  Overlord  
  36  3:36  Drone x6  
  36  3:38  Drone  
  43  3:42  Spore Crawler  
  43  3:43  Queen  
  43  3:45  Drone  
  45  3:50  Overlord  
  45  4:02  Queen  
  45  4:06  Drone, Queen  
  50  4:12  Drone x3  
  50  4:13  Spore Crawler  
  50  4:14  Drone x3  
  50  4:15  Drone  
  56  4:22  Zergling x4  
  58  4:26  Zergling x2, Baneling Nest  
  58  4:35  Overlord x2  
  58  4:39  Spore Crawler  
  58  4:41  Overlord  
  58  4:42  Overlord  
  57  4:46  Zergling x2  
  57  4:52  Overlord  
  58  4:53  Queen, Zergling x2  
  58  4:54  Zergling x10  
  58  4:56  Zergling x2  
  58  4:59  Zergling x2  
  69  5:00  Zergling x4  
  69  5:04  Zergling x2  
  69  5:05  Zergling x2  
  71  5:08  Queen  
  71  5:14  Zergling x4  
  75  5:15  Zergling x4  
  75  5:17  Baneling x3  
  75  5:18  Baneling x2  
  75  5:19  Zergling x2  
  78  5:21  Zergling x2  
  78  5:22  Zergling x2  
  78  5:26  Zergling x2  
  78  5:27  Zergling x4  
  83  5:29  Zergling x2  
  83  5:34  Overlord  
  83  5:35  Zergling x4  
  84  5:37  Zergling x6  
  85  5:49  Zergling x2  
  81  5:51  Drone  
  81  5:52  Drone  
  81  5:55  Lair  
  80  6:08  Zergling x4  
  78  6:20  Drone  
  78  6:21  Drone x7  
  78  6:26  Zergling x2, Hatchery  
  78  6:31  Zergling x2  
  78  6:32  Zergling x4  
  80  6:33  Zergling x2  
  80  6:34  Zergling x2  
  80  6:38  Zergling x2  
  80  6:39  Queen x2  
  79  6:40  Spore Crawler  
  79  6:44  Drone, Spore Crawler  
  79  6:45  Spore Crawler x3  
  79  6:46  Spore Crawler x2  
  73  6:48  Baneling x10  
  73  6:49  Zergling x2, Spore Crawler  
  73  6:51  Zergling x2  
  73  6:54  Zergling x4  
  73  6:56  Zergling x2  
  72  7:04  Queen  
  74  7:13  Zergling x6  
  74  7:14  Queen  
  74  7:15  Zergling x4  
  76  7:19  Zergling x4  
  76  7:21  Zergling x2  
  72  7:25  Zergling x4  
  72  7:29  Zergling x4  
  73  7:36  Zergling x2  
  67  7:40  Zergling x2  
  68  7:45  Zergling x4  
  68  7:47  Zergling x4  
  68  7:50  Queen  
  72  7:52  Zergling x2  
  69  7:58  Zergling x2  
  67  8:09  Zergling x2  
  67  8:10  Zergling x2  
  67  8:15  Zergling x2  
  67  8:16  Baneling x9  
  64  8:23  Zergling x2  
  64  8:24  Zergling x2  
  64  8:26  Queen  
  64  8:31  Zergling x2  
  57  8:42  Zergling x4  
  57  8:43  Zergling x4  
  57  8:46  Spore Crawler x2  
  50  8:50  Hatchery  
  50  8:54  Zergling x2  
  47  8:56  Hatchery  
  47  9:01  Zergling x2  
  47  9:06  Spawning Pool  
  46  9:11  Drone  
  44  9:18  Drone x2  
  46  9:28  Spawning Pool  

Tags
 
Add a new tag
Caveats
  • Supply blocks, unpowered buildings, or Contaminate may cause inaccurate times.
  • Supply counts are checked every 10 seconds.